 Dungeon Crawl Stone Soup version 0.17-a0-1092-gc664a5b (webtiles) character file.

9299 Jine the Fighter (level 11, -14/89 HPs)
             Began as a Demonspawn Abyssal Knight on May 20, 2015.
             Was a Priest of Lugonu.
             Demolished by a red ugly thing (33 damage)
             ... on level 11 of the Dungeon.
             The game lasted 00:45:03 (11694 turns).

Jine the Fighter (Demonspawn Abyssal Knight)       Turns: 11694, Time: 00:45:03

Health: -14/89     AC: 20    Str: 16    XL:     11   Next: 21%
Magic:  10/17      EV:  9    Int: 13    God:    Lugonu [***...]
Gold:   690        SH:  0    Dex: 12    Spells: 0 memorised, 10 levels left

rFire  x . .     SeeInvis .     a - +1 short sword
rCold  + . .     Clarity  .     y - +3 chain mail
rNeg   . . .     SustAb   +     (no shield)
rPois  .         Gourm    .     z - +0 helmet
rElec  .         Spirit   .     I - +0 cloak
rCorr  .         Warding  .     (no gloves)
rMut   .         Stasis   .     (no boots)
MR     .....                    X - amulet of regeneration
Stlth  ..........               O - ring of sustain abilities
                                A - ring of ice

@: not resistant to hostile enchantments, extremely unstealthy
A: hooves 2, rough black scales 1, powered by death 3, spiny 1
a: Depart the Abyss, Bend Space, Banish, Renounce Religion


You were on level 11 of the Dungeon.
You worshipped Lugonu.
Lugonu was most pleased with you.
You were hungry.

You visited 2 branches of the dungeon, and saw 13 of its levels.
You visited the Abyss 1 time.

You collected 690 gold pieces.

Inventory:

Hand weapons
 a - a +1 short sword (weapon)
 x - a +2 flail of protection
 E - a +0 halberd
 J - a +4 quarterstaff of chaos
 M - a +0 rapier
Missiles
 e - 2 throwing nets (quivered)
Armour
 b - a +0 leather armour
 r - a +0 ring mail
 t - a +0 scale mail
 y - a +3 chain mail (worn)
 z - a +0 helmet (worn)
 I - a +0 cloak (worn)
Jewellery
 A - a ring of ice (left hand)
 O - a ring of sustain abilities (right hand)
 X - an amulet of regeneration (around neck)
Magical devices
 l - a wand of enslavement (10)
 n - a wand of slowing (28)
 w - a wand of paralysis (10)
 G - a wand of draining (8)
 H - a wand of slowing (22)
 K - a wand of lightning (4)
 N - a wand of confusion (18)
 Q - a wand of cold (4)
 U - a wand of slowing (17)
 W - a wand of digging (14)
Scrolls
 g - 2 scrolls of recharging
 h - 4 scrolls of fog
 i - 2 scrolls of teleportation
 k - 5 scrolls of remove curse
 o - a scroll of fear
 q - 3 scrolls of blinking
 P - a scroll of immolation
 V - 2 scrolls of identify
Potions
 c - 2 potions of mutation {unknown}
 j - 2 potions of heal wounds
 m - 3 potions of ambrosia
 s - a potion of haste {unknown}
 u - 5 potions of lignification
 B - a potion of magic
 C - 2 potions of might
 D - 2 potions of brilliance
 S - a potion of agility {unknown}
 T - 2 potions of flight {unknown}
Books
 L - a book of Death

   Spells                             Type                      Level
   a - Corpse Rot                     Necromancy                   2
   b - Sublimation of Blood           Necromancy                   2
   c - Agony                          Necromancy                   5
   d - Dispel Undead                  Necromancy                   5
   e - Excruciating Wounds            Charms/Necromancy            5
   f - Bolt of Draining               Conjuration/Necromancy       5
Miscellaneous
 v - a plain deck of summoning
Comestibles
 d - 2 meat rations
 f - 3 beef jerkies
 p - 6 bread rations
 F - 3 fruits


   Skills:
 * Level 9.6 Fighting
 * Level 9.1 Short Blades
 + Level 6.6 Armour
 + Level 6.2 Dodging
 - Level 1.0 Stealth
 + Level 8.3 Invocations


You had 10 spell levels left.
You didn't know any spells.

Dungeon Overview and Level Annotations

Branches:
Dungeon (11/15)            Temple (0/1) D:5            Lair (2/8) D:8
    Orc (0/4) D:9

Altars:
Cheibriados
Dithmenos
Gozag
Kikubaaqudgha
Nemelex Xobeh
Qazlal
Trog
The Shining One

Annotations:
D:5 Prince Ribbit
Abyss:1 Nergalle


Innate Abilities, Weirdness & Mutations

You have hoof-like feet.
You are partially covered in rough black scales (AC +4, Dex -1).
You can steal the life force of all defeated enemies in sight.
You are partially covered in sharp spines.


Message History

The red ugly thing is struck by your spines.
The red ugly thing bites you.
You are engulfed in flames!!
The fire burns you terribly!
You completely miss the red ugly thing.
The red ugly thing is lightly wounded.
You hit the red ugly thing. Your kick misses the red ugly thing.
The red ugly thing is moderately wounded.
The red ugly thing bites you.
You are engulfed in flames!!
The fire burns you terribly!
* * * LOW HITPOINT WARNING * * *
There is an open door here.
Use which ability? (? or * to list)
Press: ? - help, Shift-Dir - straight line, f - red ugly thing
Aim: a red ugly thing (lightly wounded, chance to defeat MR: 69%)
The red ugly thing struggles to resist.
You are feeling hungry.
The red ugly thing bites you.
* * * LOW HITPOINT WARNING * * *
You are engulfed in flames!!
The fire burns you terribly!
You die...

########+## #######
#.......... .......
#.......... .......###
#)......... .......§<#
#..........
......§#.####@.....).<.
.......#..5.u.........>
.......######..........
####+## ########+##


You could see a red ugly thing and a shadow imp.

Vanquished Creatures
  The ghost of tyrsky the Covert, an experienced SpEn of Elyvilon (D:10)
  A deep elf mage (D:11)
  6 yaks
  A steam dragon (D:10)
  2 hippogriffs
  5 wolves (Lair:1)
  4 water moccasins
  3 orc warriors (D:9)
  2 porcupines (Lair:1)
  4 sky beasts
  2 phantoms
  5 ogres
  3 centaurs
  2 crocodiles
  6 giant frogs
  A wyvern skeleton (D:6)
  7 killer bees
  A water moccasin skeleton (D:9)
  6 crimson imps
  A jelly (D:8)
  A giant frog zombie (D:10)
  4 hounds
  A giant frog skeleton (D:5)
  7 iguanas
  12 orc wizards
  7 worker ants
  Crazy Yiuf (D:5)
  7 orc priests
  A gnoll shaman (D:7)
  3 centaur skeletons
  A killer bee zombie (D:8)
  4 adders
  6 gnolls
  3 worms (D:2)
  3 giant geckos
  44 orcs
  2 ball pythons
  A bat skeleton (D:6)
  A bat zombie (D:7)
  2 giant cockroaches
  12 goblins
  16 hobgoblins
  9 jackals
  12 bats
  2 giant newts
  A jackal zombie (D:4)
  12 kobolds
  4 quokkas
  A quokka zombie (D:7)
  10 rats
  A fungus (Lair:2)
254 creatures vanquished.

Vanquished Creatures (others)
  2 hill giants (D:10)
  A black mamba (Lair:2)
  A komodo dragon (Lair:1)
  A troll (D:11)
  4 yaks (Lair:2)
  2 orc warriors
  An ice beast (D:7)
  A sky beast (D:7)
13 creatures vanquished.

Grand Total: 267 creatures vanquished

Notes
Turn   | Place    | Note
--------------------------------------------------------------
     0 | Abyss:1  | Jine the Demonspawn Abyssal Knight began the quest for the Orb.
     0 | Abyss:1  | Reached XP level 1. HP: 18/18 MP: 2/2
     8 | D:1      | Escaped the Abyss
   560 | D:1      | Gained mutation: You are partially covered in sharp spines. [demonic ancestry]
   560 | D:1      | Reached XP level 2. HP: 21/24 MP: 3/3
  1026 | D:2      | Acquired Lugonu's second power
  1045 | D:2      | Gained mutation: You are partially covered in rough black scales (AC +4, Dex -1). [demonic ancestry]
  1045 | D:2      | Reached XP level 3. HP: 10/29 MP: 4/4
  1260 | D:2      | Reached skill level 1 in Dodging
  1455 | D:2      | Found a sparkling altar of Nemelex Xobeh.
  1559 | D:2      | Found a bloodstained altar of Trog.
  1744 | D:3      | Gained mutation: You can steal the life force of nearby defeated enemies. [demonic ancestry]
  1744 | D:3      | Reached XP level 4. HP: 37/37 MP: 5/5
  1789 | D:3      | Reached skill level 4 in Fighting
  1794 | D:3      | Reached XP level 5. HP: 42/42 MP: 6/6
  1914 | D:3      | Acquired Lugonu's third power
  2187 | D:4      | Gained mutation: You can steal the life force of defeated enemies. [demonic ancestry]
  2187 | D:4      | Reached XP level 6. HP: 47/49 MP: 7/7
  2191 | D:4      | Found a snail-covered altar of Cheibriados.
  2385 | D:4      | Noticed an ogre
  2395 | D:4      | Killed an ogre
  2574 | D:4      | Gained mutation: You have large cloven feet. [demonic ancestry]
  2574 | D:4      | Reached XP level 7. HP: 47/55 MP: 8/8
  2595 | D:4      | Noticed an ogre
  2642 | D:3      | Killed an ogre
  2642 | D:3      | Reached skill level 1 in Stealth
  2985 | D:4      | Found an opulent altar of Gozag.
  3069 | D:4      | Acquired Lugonu's fourth power
  3132 | D:5      | Entered Level 5 of the Dungeon
  3148 | D:5      | Reached skill level 5 in Short Blades
  3199 | D:5      | Reached skill level 5 in Fighting
  3228 | D:5      | Noticed Crazy Yiuf
  3240 | D:5      | Killed Crazy Yiuf
  3514 | D:5      | Found a staircase to the Ecumenical Temple.
  3556 | D:5      | Reached XP level 8. HP: 56/62 MP: 10/10
  3891 | D:5      | Found a shadowy altar of Dithmenos.
  3949 | D:5      | Noticed Prince Ribbit
  5415 | D:7      | Reached skill level 6 in Fighting
  5593 | D:7      | Found a bloodstained altar of Trog.
  5924 | D:7      | Gained mutation: You can steal the life force of all defeated enemies in sight. [demonic ancestry]
  5924 | D:7      | Reached XP level 9. HP: 71/71 MP: 12/12
  6508 | D:7      | Reached skill level 5 in Invocations
  6863 | D:8      | Found a staircase to the Lair.
  6872 | D:8      | Found an ancient bone altar of Kikubaaqudgha.
  6872 | D:8      | Found a stormy altar of Qazlal.
  7024 | D:8      | Found a glowing golden altar of the Shining One.
  7368 | Lair:1   | Entered Level 1 of the Lair of Beasts
  7385 | Lair:1   | Reached skill level 7 in Fighting
  7385 | Lair:1   | Reached skill level 5 in Dodging
  7387 | Lair:1   | Reached skill level 5 in Armour
  7721 | Lair:1   | Reached XP level 10. HP: 80/80 MP: 14/14
  7977 | Lair:1   | Noticed a komodo dragon
  8001 | Lair:1   | Banished a komodo dragon
  8001 | Lair:1   | Reached skill level 8 in Fighting
  8460 | Lair:2   | Noticed a black mamba
  8473 | Lair:2   | Banished a black mamba
  8926 | Lair:2   | Noticed an eight-headed hydra
 10221 | D:9      | Reached skill level 9 in Fighting
 10446 | D:9      | Found a staircase to the Orcish Mines.
 10772 | D:10     | Entered Level 10 of the Dungeon
 10820 | D:10     | Noticed tyrsky's ghost (experienced SpEn)
 10857 | D:10     | Killed tyrsky's ghost
 10998 | D:10     | Noticed Nergalle
 11022 | D:10     | Banished Nergalle
 11022 | D:10     | Gained mutation: You have hoof-like feet. [demonic ancestry]
 11022 | D:10     | Reached XP level 11. HP: 53/89 MP: 15/17
 11142 | D:10     | Noticed a hill giant
 11149 | D:10     | Banished a hill giant
 11321 | D:10     | Noticed a hill giant
 11333 | D:10     | Banished a hill giant
 11694 | D:11     | Demolished by a red ugly thing

Vault maps used:
D:1:      dpeg_arrival_houses_and_road, columned_hall_lemuel,
          roderic_roman_lattice
D:2:      old_standard_altar, nemelex_deck
D:4:      kennysheep_mini_moat, nicolae_gozag_cash_rules_everything_around_me,
          first_bread
D:5:      temple_green, st_stairs_7, nicolae_dithmenos_the_darkroom,
          uniq_prince_ribbit1, uniq_crazy_yiuf_cottage
D:7:      basic_altar
D:8:      lemuel_crystal_altar, gammafunk_temple_overflow_elements, lair_0_dummy
D:9:      david_orc_4
D:10:     uniq_nergalle
D:11:     serial_shops, shop, uniq_josephine
Lair:2:   portal_ice_cave_entry_imps, uniq_gastronok

Action                   |  1- 3 |  4- 6 |  7- 9 | 10-12 || total
-------------------------+-------+-------+-------+-------++-------
Melee: Short sword       |    91 |   115 |   375 |   451 ||  1032
Invok: Banish            |       |       |     8 |    16 ||    24
       Bend Space        |       |       |       |     2 ||     2
  Use: Scroll            |       |       |    17 |     8 ||    25
       Potion            |       |       |     4 |     4 ||     8
  Eat: Bread ration      |     1 |       |     1 |     1 ||     3
       Meat ration       |       |       |     3 |     1 ||     4
       Beef jerky        |       |       |     1 |     2 ||     3
       Fruit             |       |       |       |     3 ||     3
       Pizza             |       |       |       |     1 ||     1
